Selects Italian Coastal Battlegroup
Construct Infanterie Kompanie
Construct Luftwaffe Kompanie
Flak 30 Anti-aircraft Gun Team
Selects Designate Defensive Line
Selects Artillery Officer
Luftwaffe Officer Quarters
Construct Panzergrenadier Kompanie
Selects Designated Artillery Overwatch
Nebelwerfer 42 Rocket Launcher Team
Nebelwerfer 42 Rocket Launcher Team